 Dungeon Crawl Stone Soup version 0.17-a0-1718-g72dbe4d (webtiles) character file.

15275 matakusis the Covert (level 11, 0/73 HPs)
             Began as a Demonspawn Gladiator on Aug 25, 2015.
             Was an Elder of Dithmenos.
             Impaled on a porcupine's spines (7 damage)
             ... on level 1 of the Lair of Beasts.
             The game lasted 00:59:47 (10667 turns).

matakusis the Covert (Demonspawn Gladiator)        Turns: 10667, Time: 00:59:47

Health: 0/73       AC: 15    Str: 23    XL:     11   Next: 99%
Magic:  11/11      EV: 25    Int:  9    God:    Dithmenos [****..]
Gold:   256        SH:  0    Dex: 31    Spells: 1 memorised, 9 levels left

rFire  . . .     SeeInvis .     o - +3 dagger (venom)
rCold  . . .     Clarity  .     v - +2 scale mail "Cocoaca" {Dex+8 Stlth+}
rNeg   . . .     SustAt   .     (no shield)
rPois  +         Gourm    .     (helmet restricted)
rElec  .         Spirit   .     y - +0 cloak
rCorr  .         Warding  .     (no gloves)
rMut   .         Stasis   .     L - +0 pair of boots
MR     .....                    (no amulet)
Stlth  ++++++++++               p - +4 ring of strength
                                w - +4 ring of slaying

@: agile, very slightly contaminated, wreathed by umbra, not resistant to
hostile enchantments, uncannily stealthy
A: antennae 1, slimy green scales 3, agile 1, nightstalker 2, poison resistance,
strong 1, wild magic 1, rot immunity
a: Shadow Step, Renounce Religion


You were on level 1 of the Lair of Beasts.
You worshipped Dithmenos.
Dithmenos was greatly pleased with you.
You were not hungry.

You visited 3 branches of the dungeon, and saw 14 of its levels.
You also visited: Sewer and Ossuary.

You collected 950 gold pieces.
You spent 694 gold pieces at shops.

Inventory:

Hand weapons
 a - a +0 long sword
 o - a +3 dagger of venom (weapon)
Missiles
 f - a throwing net (quivered)
Armour
 b - a +0 shield
 d - a +2 robe of cold resistance
 k - the +6 chain mail of Noughts and Crosses {rN+ MP+9}
   (You found it on level 10 of the Dungeon)

   It protects you from negative energy.
   It affects your magic capacity (+9).
 v - the +2 scale mail "Cocoaca" (worn) {Dex+8 Stlth+}
   (You bought it in a shop on level 4 of the Dungeon)

   It affects your dexterity (+8).
   It makes you more stealthy.
 y - a +0 cloak (worn)
 L - a +0 pair of boots (worn)
Jewellery
 n - an uncursed amulet of resist mutation
 p - a +4 ring of strength (right hand)
 q - an uncursed ring of magical power
 w - a +4 ring of slaying (left hand)
Magical devices
 r - a wand of slowing (6)
 A - a wand of polymorph (8)
 H - a wand of enslavement (21)
Scrolls
 h - 6 scrolls of enchant armour
 j - a scroll of recharging
 B - 5 scrolls of magic mapping
 C - a scroll of summoning {unknown}
 E - a scroll of remove curse
 I - 2 scrolls of amnesia
 J - a scroll of blinking
Potions
 g - 3 potions of flight
 l - a potion of cancellation {unknown}
 t - a potion of agility
 z - 3 potions of might
 G - a potion of resistance
 K - a potion of ambrosia {unknown}
 M - a potion of brilliance
Books
 m - a book of Power

   Spells                             Type                      Level
   a - Fulminant Prism                Conjuration/Hexes            4
   b - Iskenderun's Mystic Blast      Conjuration                  4
   c - Venom Bolt                     Conjuration/Poison           5
   d - Bolt of Magma                  Conjuration/Fire/Earth       5
   e - Iron Shot                      Conjuration/Earth            6
   f - Orb of Destruction             Conjuration                  7
   g - Spellforged Servitor           Conjuration/Summoning        7
 s - a Young Poisoner's Handbook

   Spells                             Type                      Level
   a - Sting                          Conjuration/Poison           1
   b - Cure Poison                    Poison                       2
   c - Mephitic Cloud                 Conjuration/Poison/Air       3
   d - Olgreb's Toxic Radiance        Poison                       4
   e - Venom Bolt                     Conjuration/Poison           5
 x - a book of Callings

   Spells                             Type                      Level
   a - Summon Small Mammal            Summoning                    1
   b - Call Imp                       Summoning                    2
   c - Call Canine Familiar           Summoning                    3
   d - Summon Guardian Golem          Hexes/Summoning              3
   e - Summon Lightning Spire         Summoning/Air                4
   f - Summon Ice Beast               Ice/Summoning                4
Comestibles
 c - 6 beef jerkies
 e - 9 bread rations
 i - 5 meat rations
 u - 2 slices of pizza
 D - 9 fruits
 F - 9 royal jellies


   Skills:
 - Level 2.4 Fighting
 + Level 4.4(4.9) Short Blades
 - Level 2.8(4.0) Long Blades
 - Level 1.7 Throwing
 + Level 4.6 Armour
 * Level 8.5 Dodging
 + Level 14.0 Stealth
 - Level 6.2 Poison Magic


You had 9 spell levels left.
You knew the following spells:

 Your Spells              Type           Power        Failure   Level  Hunger
a - Sting                 Conj/Pois      #...         45%         1    ##.....


Dungeon Overview and Level Annotations

Branches:
Dungeon (11/15)            Temple (1/1) D:6            Lair (2/8) D:8
    Orc: D:9-12

Altars:
Ashenzari
Cheibriados
Dithmenos
Elyvilon
Fedhas
Gozag
Kikubaaqudgha
Makhleb
Nemelex Xobeh
Okawaru
Qazlal
Ru
Sif Muna
Trog
Vehumet
Xom
Yredelemnul
Zin
The Shining One

Shops:
D:4 [   D:5 [   D:10 [

Annotations:
D:11 Ajdolov's ghost, powerful TrMo


Innate Abilities, Weirdness & Mutations

You have a pair of small antennae on your head.
You are completely covered in slimy green scales (AC +4, rPois).
You are significantly more attuned to the shadows.
You are immune to rotting.
You are agile. (Dex +2)
Your system is resistant to poisons.
Your muscles are strong. (Str +2)
Your spells are a little harder to cast, but a little more powerful.


Message History

Your shadow hits the water moccasin with a dagger.
The water moccasin misses you.
You closely miss the water moccasin.
The water moccasin is moderately wounded.
The water moccasin completely misses you.
You hit the water moccasin.
The water moccasin is heavily wounded.
The water moccasin closely misses you.
You puncture the water moccasin!
The water moccasin is almost dead.
The water moccasin completely misses you.
You hit the water moccasin.
The water moccasin is poisoned.
The water moccasin is almost dead.
The water moccasin barely misses you.
You hit the water moccasin.
You kill the water moccasin!
Dithmenos accepts your kill.
You closely miss the porcupine. The porcupine misses you.
You are struck by the porcupine's spines.
You die...

.## ### ..# ######.###
#.## #...rS...# #..#
###P.###.#.#
#..####.##†# ###.#
..........r#####.#
..)....>.....P##.#
..#.#....###.###r#
#......#.###^###@#
#.#.#...###..##..######
#.......# ##.###...##.#
.#...#..## #.###......#
.........###.#.#......#
..#.................#.#
.........#.#.###..#...##
.#..##....#..###......P#
.........###.....##..###


You could see a porcupine.

Vanquished Creatures
  Maud (D:10)
  A hydra (Lair:2)
  Erica (D:8)
  The ghost of KambridgeKobold the Protected, an experienced DsBe of Trog (D:10)
  4 spiny frogs
  2 trolls
  Grinder (D:5)
  A two-headed ogre (D:8)
  The ghost of Charly the Chiller, an average MfIE (Sewer)
  3 blink frogs (Lair:2)
  14 yaks
  Sigmund (D:2)
  A basilisk (Lair:1)
  Edmund (D:5)
  5 hippogriffs
  A soldier ant (D:9)
  5 water moccasins
  Duvessa (D:6)
  A spider (D:9)
  A wasp (D:9)
  3 porcupines (Lair:1)
  2 orc warriors
  3 phantoms
  An ice beast (D:8)
  2 necrophages
  6 ogres
  A sky beast (D:5)
  5 centaurs
  3 crocodiles
  An elf zombie (Ossuary)
  Blork the orc (D:5)
  A big kobold (D:8)
  A brain worm (D:9)
  8 giant frogs
  Dowan (D:6)
  A scorpion (D:7)
  5 wights (D:7)
  12 killer bees
  An electric eel (Lair:2)
  4 hounds
  2 crimson imps
  4 orc priests
  6 jellies
  7 orc wizards
  Crazy Yiuf (D:5)
  2 gnoll shamans
  6 iguanas
  2 centaur skeletons
  Terence (D:3)
  9 worker ants
  A killer bee zombie (D:11)
  A big kobold zombie (Ossuary)
  A hound zombie (D:5)
  A hound skeleton (D:4)
  2 mummies (Ossuary)
  A worker ant zombie (D:8)
  10 adders
  7 gnolls
  5 river rats (Lair:1)
  3 worms
  An adder zombie (D:8)
  6 giant geckos
  15 orcs
  A ball python (D:5)
  12 bats
  3 gnoll zombies (Ossuary)
  9 goblins
  11 hobgoblins
  6 quokkas
  A ball python skeleton (D:4)
  8 giant cockroaches
  8 giant newts
  4 goblin zombies (Ossuary)
  3 hobgoblin zombies (Ossuary)
  13 jackals
  A jackal skeleton (D:7)
  6 kobolds
  2 orc zombies (Ossuary)
  7 rats
298 creatures vanquished.

Notes
Turn   | Place    | Note
--------------------------------------------------------------
     0 | D:1      | matakusis the Demonspawn Gladiator began the quest for the Orb.
     0 | D:1      | Reached XP level 1. HP: 16/16 MP: 1/1
   101 | D:1      | Reached skill level 3 in Dodging
   125 | D:1      | Gained mutation: You are partially covered in slimy green scales (AC +2). [demonic ancestry]
   125 | D:1      | Reached XP level 2. HP: 13/22 MP: 2/2
   561 | D:1      | Gained mutation: You are slightly more attuned to the shadows. [demonic ancestry]
   561 | D:1      | Reached XP level 3. HP: 17/28 MP: 3/3
   919 | D:2      | Reached skill level 1 in Stealth
   962 | D:2      | Noticed Sigmund
   975 | D:2      | Learned a level 1 spell: Sting
  1009 | D:2      | Killed Sigmund
  1009 | D:2      | Reached skill level 1 in Short Blades
  1009 | D:2      | Reached skill level 4 in Stealth
  1009 | D:2      | Gained mutation: You have a pair of small antennae on your head. [demonic ancestry]
  1009 | D:2      | Reached XP level 4. HP: 23/34 MP: 4/4
  1009 | D:2      | Gained mutation: You are mostly covered in slimy green scales (AC +3). [demonic ancestry]
  1009 | D:2      | Reached XP level 5. HP: 26/39 MP: 5/5
  1567 | D:2      | Gained mutation: You are agile. (Dex +2) [potion of mutation]
  1567 | D:2      | Gained mutation: Your muscles are strong. (Str +2) [potion of mutation]
  1567 | D:2      | Gained mutation: Your spells are a little harder to cast, but a little more powerful. [potion of mutation]
  1618 | D:3      | Reached skill level 1 in Poison Magic
  1712 | D:3      | Reached XP level 6. HP: 46/46 MP: 6/6
  1757 | D:3      | Noticed Terence
  1780 | D:3      | Killed Terence
  1937 | D:3      | Found a blossoming altar of Fedhas.
  1938 | D:3      | Found a sacrificial altar of Ru.
  1939 | D:3      | Found a deep blue altar of Sif Muna.
  1939 | D:3      | Found a sparkling altar of Nemelex Xobeh.
  1939 | D:3      | Found a shattered altar of Ashenzari.
  2057 | D:4      | Found a glowing drain.
  2101 | Sewer    | Entered a sewer
  2115 | Sewer    | Noticed Charly's ghost (average MfIE)
  2170 | Sewer    | Killed Charly's ghost
  2170 | Sewer    | Reached skill level 5 in Stealth
  2261 | Sewer    | Reached skill level 6 in Stealth
  2261 | Sewer    | Reached XP level 7. HP: 19/51 MP: 7/7
  2838 | D:4      | Found Bycviso's Armour Shoppe.
  2978 | D:4      | Found an opulent altar of Gozag.
  2987 | D:4      | Found a shadowy altar of Dithmenos.
  2997 | D:4      | Became a worshipper of Dithmenos the Shadowed
  3103 | D:5      | Entered Level 5 of the Dungeon
  3186 | D:5      | Noticed Blork the orc
  3202 | D:5      | Killed Blork the orc
  3219 | D:5      | Reached skill level 7 in Stealth
  3313 | D:5      | Noticed Edmund
  3327 | D:5      | Found a sand-covered staircase.
  3339 | D:5      | Killed Edmund
  3339 | D:5      | Gained mutation: You are completely covered in slimy green scales (AC +4, rPois). [demonic ancestry]
  3339 | D:5      | Reached XP level 8. HP: 29/57 MP: 8/8
  3420 | Ossuary  | Entered an ossuary
  3532 | Ossuary  | Reached skill level 5 in Dodging
  3611 | D:5      | Found Cebrov's Armour Emporium.
  3703 | D:5      | Noticed Grinder
  3747 | D:5      | Paralysed by Grinder for 4 turns
  3750 | D:5      | Killed Grinder
  4171 | D:5      | Noticed Crazy Yiuf
  4177 | D:5      | Killed Crazy Yiuf
  4275 | D:4      | Bought the +2 scale mail "Cocoaca" {Dex+8 Stlth+} for 568 gold pieces
  4346 | D:6      | Found a staircase to the Ecumenical Temple.
  4353 | Temple   | Entered the Ecumenical Temple
  4649 | D:6      | Noticed Duvessa
  4650 | D:6      | Noticed Dowan
  4667 | D:6      | Killed Duvessa
  4667 | D:6      | Killed Dowan
  4706 | D:6      | Reached skill level 8 in Stealth
  5092 | D:7      | Gained mutation: You are significantly more attuned to the shadows. [demonic ancestry]
  5092 | D:7      | Reached XP level 9. HP: 62/62 MP: 9/9
  5430 | D:7      | Reached skill level 9 in Stealth
  5435 | D:7      | Acquired Dithmenos's first power
  5545 | D:7      | Reached skill level 1 in Armour
  6124 | D:8      | Found a staircase to the Lair.
  6152 | D:8      | Reached skill level 10 in Stealth
  6510 | D:8      | Reached skill level 5 in Poison Magic
  6510 | D:8      | Gained mutation: You are immune to rotting. [demonic ancestry]
  6510 | D:8      | Reached XP level 10. HP: 68/68 MP: 10/10
  6552 | D:8      | Noticed Erica
  6603 | D:8      | Killed Erica
  6778 | D:8      | Reached skill level 11 in Stealth
  6824 | D:8      | Acquired Dithmenos's second power
  7666 | D:9      | Reached skill level 12 in Stealth
  7873 | D:10     | Entered Level 10 of the Dungeon
  7888 | D:10     | Noticed Maud
  7898 | D:10     | Killed Maud
  7898 | D:10     | Reached XP level 11. HP: 46/73 MP: 11/11
  8164 | D:10     | Reached skill level 13 in Stealth
  8411 | D:10     | Found Izatsiarph's Antique Armour Shop.
  8417 | D:10     | Bought a pair of boots for 126 gold pieces
  8672 | D:10     | Noticed KambridgeKobold's ghost (experienced DsBe)
  8783 | D:10     | Killed KambridgeKobold's ghost
  8896 | D:10     | Got a faintly humming chain mail
  8924 | D:10     | Identified the +6 chain mail of Noughts and Crosses {rN+ MP+9} (You found it on level 10 of the Dungeon)
  9455 | D:11     | Noticed Ajdolov's ghost (powerful TrMo)
  9534 | D:11     | Acquired Dithmenos's third power
  9555 | D:11     | Gained mutation: Your system is resistant to poisons. [potion of mutation]
  9705 | Lair:1   | Entered Level 1 of the Lair of Beasts
 10552 | Lair:2   | Noticed a six-headed hydra
 10557 | Lair:2   | Killed a six-headed hydra
 10595 | Lair:2   | Noticed an eight-headed hydra
 10601 | Lair:2   | an eight-headed hydra changed into a giant leech
 10649 | Lair:1   | Reached skill level 14 in Stealth
 10667 | Lair:1   | Impaled on a porcupine's spines

Vault maps used:
D:1:      dpeg_arrival_tiny_a, minmay_vboxes
D:2:      uniq_sigmund
D:3:      grunt_temple_overflow_open, uniq_terence
D:4:      kennysheep_mini, grunt_dithmenos_shadows, portal_sewer_entry_a,
          serial_shops, shop_fountains, hangedman_abyss_or_decor_stabs
D:5:      lemuel_ice_spiral_2, serial_shops, kennysheep_little_box, first_bread,
          lightli_ossuary_entry_decrepit_ruins, kennysheep_minor_cross,
          uniq_edmund, uniq_blork_the_orc, uniq_crazy_yiuf_cottage, uniq_grinder
D:6:      minmay_temple_entry_statues_fountains, uniq_duvessa
D:7:      minmay_statues_item
D:8:      lair_0_dummy, uniq_erica
D:9:      hangedman_pestilent_swarm
D:10:     serial_shops, nicolae_shop_overgrown_old_shop, uniq_maud
D:11:     cheibrodos_magma_flow, serial_shops, shop, corner_web_ring,
          lightli_airlock
Temple:   chambers_temple_12
Lair:1:   lemuel_fruit_tree
Lair:2:   serial_bayou_ford_a
Sewer:    sewer_big_baddie
Ossuary:  minmay_ossuary_gauntlet

Action                   |  1- 3 |  4- 6 |  7- 9 | 10-12 || total
-------------------------+-------+-------+-------+-------++-------
Melee: Long sword        |    96 |       |       |       ||    96
       Dagger            |    42 |    98 |   395 |   405 ||   940
Throw: Throwing net      |     3 |       |     1 |       ||     4
Evoke: Wand              |       |       |       |     1 ||     1
  Use: Potion            |     3 |     5 |     3 |     7 ||    18
       Scroll            |       |    10 |    10 |     2 ||    22
 Stab: Sleeping          |     3 |    14 |    40 |    65 ||   122
       Distracted        |       |       |     1 |       ||     1
  Eat: Chunk             |       |     5 |    15 |    13 ||    33
